AoeStats
← BaconToGo

Black Forest

506254201Analyzed
1v1 RM · 21d ago on Sep 12, 2026· 47m 41s· 2 players
Game mode
Random Map
Map size
Tiny (2 player)
Population
200
Speed
Normal
Resources
Standard
Victory
Conquest
Starting age
Dark Age
Ending age
Imperial Age
RankedLock teamsTeams togetherTeam positionsShared explorationLock speedFull tech treeHidden civsTurbo modeCheats
Victory
Defeat
🇲🇽 Mongols · Mexico
932
+17
🇩🇪 Vietnamese · Germany
952
-49
Miox
0:27 Loom
17:13 Feudal Age
17:39 Horse Collar
17:45 Double-Bit Axe
19:39 Wheelbarrow
24:06 Castle Age
22:09 Gold Mining
22:46 Stone Mining
24:47 Heavy Plow
28:25 Bow Saw
30:40 Hand Cart
30:10 Town Watch
32:58 Elite Skirmisher
33:43 Thumb Ring
34:25 Town Patrol
36:08 Gold Shaft Mining
36:09 Stone Shaft Mining
36:12 Fletching
36:22 Padded Archer Armor
36:33 Forging
36:28 Scale Barding Armor
36:58 Fortified Wall
37:09 Ballistics
37:14 Bodkin Arrow
37:19 Scale Mail Armor
42:11 Imperial Age
40:34 Masonry
40:20 Murder Holes
41:28 Leather Archer Armor
41:49 Iron Casting
41:29 Chain Mail Armor
41:34 Chain Barding Armor
42:56 Husbandry
43:07 Bloodlines
42:17 Light Cavalry
42:23 Onager
44:10 Chemistry
43:14 Bracer
44:57 Conscription
44:39 Nomads
44:08 Hussar
45:52 Blast Furnace
45:23 Plate Mail Armor
BaconToGo
7:50 Loom
14:49 Feudal Age
27:51 Castle Age
28:35 Wheelbarrow
27:45 Town Watch
28:24 Fletching
43:38 Hand Cart
47:18 Imperial Age
Connection lost

Rejoining the realm…

Still unreachable

The connection could not be restored.

Session expired

The server has moved on; the page needs a fresh start.